 Dungeon Crawl Stone Soup version 0.26-a0-30-g56b8cd3df0 (webtiles) character file.

Game seed: 9629920335284782905, levelgen mode: deterministic

5413 xccam the Grappler (level 10, -7/83 HPs)
             Began as a Grey Draconian Transmuter on June 2, 2020.
             Was a Follower of Okawaru.
             Mangled by a yak (13 damage)
             ... on level 8 of the Dungeon.
             The game lasted 00:30:04 (12411 turns).

xccam the Grappler (Grey Draconian Transmuter)     Turns: 12411, Time: 00:30:05

Health: -7/83      AC: 15    Str: 14    XL:     10   Next: 40%
Magic:  28/28      EV: 14    Int: 14    God:    Okawaru [*.....]
Gold:   393        SH:  0    Dex: 13    Spells: 18/21 levels left

rFire    . . .     SeeInvis .     - Unarmed
rCold    . . .     Gourm    .   (no shield)
rNeg     . . .     Faith    .   (armour unavailable)
rPois    .         Spirit   .   (helmet restricted)
rElec    .         Reflect  .   w - +1 cloak
rCorr    .         Harm     .   (no gloves)
MR       .....                  l - +0 pair of boots
Stlth    +.........             (no amulet)
HPRegen  0.23/turn              k - ring of magical power (curse)
MPRegen  0.21/turn              (no ring)

@: appendage
A: walk through water, unfitting armour, horns 2, unbreathing, cold-blooded, AC
+12
a: End Transformation, Heroism, Renounce Religion


You were on level 8 of the Dungeon.
You worshipped Okawaru.
Okawaru was aware of your devotion.
You were not hungry.
You had grown temporary horns.
You visited 2 branches of the dungeon, and saw 10 of its levels.
You also visited: Ossuary.

You collected 393 gold pieces.

Inventory:

Hand Weapons
 d - a +1 hunting sling
Missiles
 a - 203 arrows
 b - 277 stones (quivered)
Armour
 l - a +0 pair of boots (worn)
 r - a +0 kite shield
 w - a +1 cloak (worn)
Jewellery
 k - a cursed ring of magical power (left hand)
Wands
 e - a wand of flame (4)
 m - a wand of digging (7)
Scrolls
 i - a scroll of identify
 j - 4 scrolls of enchant weapon
 n - 2 scrolls of magic mapping
 t - 6 scrolls of remove curse
 x - 2 scrolls of immolation
 y - a scroll of enchant armour
 z - a scroll of amnesia {unknown}
Potions
 f - 4 potions of flight
 g - 4 potions of lignification
 h - 3 potions of cancellation
 o - 2 potions of stabbing
 p - 2 potions of magic
 q - 3 potions of brilliance
 v - a potion of haste
 A - a potion of mutation {unknown}
 B - a potion of ambrosia {unknown}
Comestibles
 c - 25 rations


   Skills:
 - Level 6.0 Fighting
 - Level 4.2 Dodging
 + Level 10.2 Unarmed Combat
 + Level 6.2 Spellcasting
 + Level 7.8 Transmutations


You had 18 spell levels left.
You knew the following spells:

 Your Spells              Type           Power        Failure   Level  Hunger
a - Beastly Appendage     Tmut           ####..       1%          1    None
b - Sticks to Snakes      Tmut           ####....     1%          2    #......

Your spell library contained the following spells:

 Spells                   Type           Power        Failure   Level  Hunger
 Passwall                 Tmut/Erth      ###.....     4%          2    #......
 Spider Form              Tmut/Pois      ###.......   10%         3    ###....
 Magic Dart               Conj           #...         16%         1    None
 Blade Hands              Tmut           ####......   17%         5    ######.
 Searing Ray              Conj           #.....       24%         2    #......
 Ice Form                 Ice/Tmut       ###.....     30%         4    ####...
 Dazzling Flash           Conj/Hex       #.....       43%         3    ###....
 Frozen Ramparts          Ice            #.....       43%         3    ###....
 Ozocubu's Armour         Chrm/Ice       #.......     43%         3    ###....
 Fulminant Prism          Conj/Hex       #.........   83%         4    ####...
 Iskenderun's Mystic Bla  Conj/Tloc      #.......     83%         4    ####...


Dungeon Overview and Level Annotations

Branches:
Dungeon (9/15)             Temple (1/1) D:7         Ossuary (visited)
   Lair: D:8-11         Orc: D:9-12

Altars:
Ashenzari
Cheibriados
Dithmenos
Elyvilon
Fedhas
Gozag
Hepliaklqana
Kikubaaqudgha
Makhleb
Okawaru
Qazlal
Ru
Sif Muna
Trog
Uskayaw
Vehumet
Wu Jian
Xom
Yredelemnul
Zin
The Shining One

Shops:
D:9 ?


Innate Abilities, Weirdness & Mutations

You can walk through water.
Your dull iron-grey scales are very hard. (AC +12)
You cannot fit into any form of body armour.
You can survive without breathing.
You are cold-blooded and may be slowed by cold attacks.
You have a pair of horns on your head.


Message History

You are too injured to fight recklessly!
You are too injured to fight recklessly!
You are too injured to fight recklessly!
You are too injured to fight recklessly!
You are too injured to fight recklessly!
You are too injured to fight recklessly!
You hit the yak.
The yak is heavily wounded.
The yak completely misses you. The yak gores you but does no damage.
You hit the yak but do no damage. You headbutt the yak, but do no damage.
You tail-slap the yak.
The yak is heavily wounded.
The yak gores you!
* * * LOW HITPOINT WARNING * * *
The yak gores you but does no damage. The yak gores you!
* * * LOW HITPOINT WARNING * * *
You feel better. The yak gores you!
* * * LOW HITPOINT WARNING * * *
The yak gores you!
You die...

.########..##.........#####......
.................................
#############....<....##.........
#.........#####.>.... #....[....#
####### #.........# #.........#
##.YY....## ##>@...## #######


You could see 2 yaks.

Vanquished Creatures
  Psyche (D:9)
  A troll (D:9)
  Grinder (D:6)
  A yak (D:9)
  Grum (D:8)
  A water moccasin (D:8)
  2 ice beasts (D:6)
  An ogre (D:7)
  2 wolves (D:8)
  3 centaurs
  2 bullfrogs
  14 scorpions
  6 killer bees (D:7)
  10 wights (D:7)
  3 howler monkeys
  3 crimson imps
  A bullfrog zombie (D:7)
  3 centaur zombies
  5 human zombies (Ossuary)
  A jelly (D:7)
  2 bullfrog skeletons
  Crazy Yiuf (D:6)
  A gnoll shaman (D:4)
  2 orc priests
  4 hounds
  2 centaur skeletons (D:7)
  4 iguanas
  Ijyb (D:3)
  Natasha (D:2)
  10 orc wizards
  8 worker ants
  A killer bee zombie (D:7)
  2 big kobold zombies (Ossuary)
  2 hound skeletons
  3 mummies (Ossuary)
  2 worker ant zombies
  9 adders
  9 gnolls
  4 scorpion zombies (Ossuary)
  An adder skeleton (D:5)
  2 worms
  3 dart slugs
  5 leopard geckos
  21 orcs
  A ball python (D:3)
  4 bats
  3 giant cockroaches
  A gnoll zombie (Ossuary)
  8 goblins
  9 hobgoblins
  12 jackals
  2 quokkas
  6 frilled lizards
  A hobgoblin zombie (Ossuary)
  11 kobolds
  2 kobold zombies (Ossuary)
  2 orc zombies (Ossuary)
  22 rats
246 creatures vanquished.

Vanquished Creatures (collateral kills)
  2 ice beasts
  Natasha (twice) (D:2)
  A worker ant (D:5)
  An orc (D:3)
  A goblin (D:3)
7 creatures vanquished.

Grand Total: 253 creatures vanquished

Notes
Turn   | Place    | Note
-------+----------+-------------------------------------------
     0 | D:1      | xccam the Draconian Transmuter began the quest for the Orb.
     0 | D:1      | Reached XP level 1. HP: 16/16 MP: 3/3
   109 | D:1      | Reached XP level 2. HP: 17/23 MP: 3/5
   573 | D:1      | Reached skill level 4 in Unarmed Combat
  1053 | D:2      | Reached XP level 3. HP: 28/28 MP: 6/6
  1668 | D:2      | Learned a level 2 spell: Sticks to Snakes
  1733 | D:2      | Noticed Natasha
  1742 | D:2      | Killed Natasha
  1742 | D:2      | Reached skill level 5 in Unarmed Combat
  1742 | D:2      | Reached XP level 4. HP: 25/35 MP: 3/7
  1976 | D:2      | Noticed Natasha
  1986 | D:2      | Killed Natasha
  2054 | D:2      | Found an iron altar of Okawaru.
  2305 | D:2      | Noticed Natasha
  2314 | D:2      | Killed Natasha
  2406 | D:3      | Noticed Ijyb
  2434 | D:3      | Killed Ijyb
  2434 | D:3      | Reached XP level 5. HP: 31/40 MP: 3/8
  2439 | D:3      | Reached skill level 6 in Unarmed Combat
  3353 | D:4      | Found an opulent altar of Gozag.
  3370 | D:4      | Found a stormy altar of Qazlal.
  3380 | D:4      | Reached XP level 6. HP: 33/47 MP: 7/9
  3423 | D:4      | Found a sand-covered staircase.
  3428 | Ossuary  | Entered an ossuary
  3583 | Ossuary  | Reached skill level 7 in Unarmed Combat
  3977 | Ossuary  | Your scales start taking on a dull iron-grey colour.
  3977 | Ossuary  | Reached XP level 7. HP: 45/56 MP: 10/10
  3977 | Ossuary  | Gained mutation: You can survive without breathing. [Grey
                  | Draconian growth]
  4842 | Ossuary  | Reached XP level 8. HP: 60/66 MP: 11/11
  5203 | D:4      | Reached skill level 8 in Unarmed Combat
  5446 | D:4      | Found a hazy altar of Hepliaklqana.
  5520 | D:4      | Found a shimmering altar of Xom.
  5542 | D:4      | Found Gozag's Platinum Reserve.
  5868 | D:5      | Entered Level 5 of the Dungeon
  6509 | D:5      | Reached skill level 5 in Fighting
  6781 | D:5      | Reached skill level 5 in Transmutations
  7226 | D:6      | Reached XP level 9. HP: 74/74 MP: 9/13
  7264 | D:6      | Found a white marble altar of Elyvilon.
  7465 | D:6      | Found a runed translucent door.
  7466 | D:6      | Noticed Crazy Yiuf
  7473 | D:6      | Killed Crazy Yiuf
  7709 | D:6      | Noticed Grinder
  7721 | D:6      | Killed Grinder
  8083 | D:6      | Reached skill level 9 in Unarmed Combat
  8178 | D:6      | Found a shattered altar of Ashenzari.
  8178 | D:6      | Found a glowing golden altar of the Shining One.
  8179 | D:6      | Found a sacrificial altar of Ru.
  8883 | D:7      | Identified the Volume of the Crushed Ziggurats
  8917 | D:7      | Found a staircase to the Ecumenical Temple.
  9411 | D:7      | Reached skill level 5 in Spellcasting
  9506 | Temple   | Entered the Ecumenical Temple
  9809 | D:2      | Became a worshipper of Warmaster Okawaru
 10520 | D:7      | Reached XP level 10. HP: 23/83 MP: 17/17
 11102 | D:8      | Noticed Grum
 11121 | D:8      | Killed Grum
 11517 | D:8      | Found a hide-covered altar of Uskayaw.
 11603 | D:8      | Found a blossoming altar of Fedhas.
 12060 | D:9      | Found Guniexi's Magic Scroll Shop.
 12063 | D:9      | Reached skill level 10 in Unarmed Combat
 12104 | D:9      | Reached * piety under Okawaru
 12112 | D:9      | Noticed Psyche
 12123 | D:9      | Killed Psyche
 12411 | D:8      | Mangled by a yak

Illustrated notes

Levels and vault maps discovered:
D:1:      minmay_arrival_radiant_lines, layout_loops_corners
D:2:      layout_loops_ring, overflow_temple_1_default, uniq_natasha
D:3:      layout_loops_ring, serial_park_tiny_pond, corexii_shack, uniq_ijyb
D:4:      layout_rooms, lemuel_crystal_altar, nicolae_gozag_zags_fifth_avenue,
          chequers_temple_overflow_statue_of_worship, enter_ossuary_5,
          first_ration, st_stairs_14, minmay_rat_hole
D:5:      layout_cave_pods
D:6:      layout_gridville, elyvilon_altar_3, gammafunk_temple_overflow_claw,
          uniq_grinder, uniq_crazy_yiuf_cottage
D:7:      layout_layer_cave, minmay_temple_entry_slanted, grunt_ogre_cave
D:8:      layout_rooms, nicolae_overflow_hidden_temple, uniq_grum
D:9:      layout_rooms, serial_shops, shop, uniq_psyche
Temple:   jpeg_temple_alley_garden

Skill      XL: |  1  2  3  4  5  6  7  8  9 10 |
---------------+-------------------------------+-----
Unarmed Combat | 4 5 6 7 8 9 10 | 10.2
Dodging        | 2 3 4 |  4.2
Fighting       | 2 3 5 6 |  6.0
Transmutations | 3 5 7 |  7.8
Spellcasting   | 3 5 6 |  6.2

Action                   |  1- 3 |  4- 6 |  7- 9 | 10-12 || total
-------------------------+-------+-------+-------+-------++-------
Melee: Unarmed           |   140 |   197 |   649 |   122 ||  1108
       Kick              |     2 |       |       |       ||     2
       Tailslap          |    15 |    25 |    79 |    21 ||   140
       Punch             |     1 |     5 |    22 |     6 ||    34
       Headbutt          |       |    12 |    28 |     9 ||    49
 Cast: Beastly Appendage |     5 |    10 |    15 |     5 ||    35
       Sticks to Snakes  |     1 |     3 |     7 |     1 ||    12
Evoke: Wand              |       |       |    11 |     7 ||    18
  Use: Potion            |       |     2 |     7 |     1 ||    10
       Scroll            |       |     6 |    14 |     1 ||    21
 Stab: Sleeping          |     2 |       |     1 |       ||     3
       Distracted        |     1 |       |     1 |       ||     2
  Eat: Chunk             |     3 |     6 |    14 |     5 ||    28
       Ration            |       |       |     3 |       ||     3
Armor: Skin              |    44 |    44 |   241 |    47 ||   376
Dodge: Dodged            |    92 |    90 |   413 |   102 ||   697

Table legend:
 A = Non-vault XP
 B = Vault XP
 C = Vault XP percentage of total XP
 D = Non-vault monster count
 E = Vault monster count
 F = Vault count percentage of total count
                 A         B        C        D         E       F
            +---------+---------+-------+---------+---------+-------
      Total |    5212 |    2521 |  32.6 |     190 |      63 |  24.9
            +---------+---------+-------+---------+---------+-------
        D:1 |      39 |       0 |   0.0 |      20 |       0 |   0.0
        D:2 |     114 |      28 |  19.7 |      24 |       1 |   4.0
        D:3 |     113 |      38 |  25.2 |      25 |       2 |   7.4
        D:4 |     283 |      24 |   7.8 |      16 |      21 |  56.8
        D:5 |     769 |       0 |   0.0 |      30 |       0 |   0.0
        D:6 |     965 |     304 |  24.0 |      18 |       2 |  10.0
        D:7 |    1628 |     121 |   6.9 |      37 |       1 |   2.6
        D:8 |     438 |     416 |  48.7 |       6 |       3 |  33.3
        D:9 |     863 |     439 |  33.7 |      14 |       1 |   6.7
    Ossuary |       0 |    1151 | 100.0 |       0 |      32 | 100.0
            +---------+---------+-------+---------+---------+-------
